AoeStats
← ajanderson120

Pilgrims

510015233Analyzed
4v4 RM · 4d ago on Sep 29, 2026· 61m 47s· 8 players
Game mode
Random Map
Map size
Large (8 player)
Population
200
Speed
Normal
Resources
Standard
Victory
Conquest
Starting age
Dark Age
Ending age
Imperial Age
RankedLock teamsTeams togetherTeam positionsShared explorationLock speedFull tech treeHidden civsTurbo modeCheats
Victory
Defeat
🇨🇱 Wei · Chile
1240
+17
🇨🇱 Italians · Chile
1213
+18
🇺🇸 Koreans · United States
1210
+18
🇲🇽 Franks · Mexico
1169
+20
🇧🇷 Japanese · Brazil
1378
-23
🇧🇷 Danes · Brazil
1254
-18
🇧🇷 Lithuanians · Brazil
1234
-17
🇧🇷 Burmese · Brazil
1189
-15
ajanderson120
8:51 Loom
11:00 Feudal Age
11:43 Double-Bit Axe
14:49 Fletching
18:32 Castle Age
17:09 Gold Mining
18:29 Stone Mining
19:07 Crossbowman
20:40 Ballistics
21:56 Treadmill Crane
23:31 Horse Collar
27:17 Wheelbarrow
27:25 Bow Saw
29:14 Hand Cart
29:35 Bodkin Arrow
30:58 Murder Holes
31:14 Masonry
37:22 Imperial Age
35:59 Gold Shaft Mining
36:00 Stone Shaft Mining
39:03 Scale Mail Armor
39:06 Bracer
39:12 Thumb Ring
40:10 Eupseong
40:56 Scale Mail Armor
41:29 Conscription
41:29 Arrowslits
41:45 Arbalester
43:39 Chemistry
44:49 Architecture
45:13 Siege Engineers
47:51 Chain Mail Armor
53:19 Spies/Treason
Sr_Pika_mx
10:18 Feudal Age
14:04 Loom
16:24 Fletching
17:33 Wheelbarrow
19:46 Double-Bit Axe
25:45 Castle Age
24:01 Forging
23:50 Gold Mining
24:23 Scale Barding Armor
26:58 Bow Saw
27:24 Gold Shaft Mining
29:09 Town Watch
31:40 Chain Barding Armor
34:38 Iron Casting
35:32 Hand Cart
46:31 Imperial Age
46:33 Cavalier
47:51 Plate Barding Armor
48:16 Blast Furnace
48:07 Paladin
58:17 Light Cavalry
59:27 Spies/Treason
Gengis_Kush
7:02 Loom
10:55 Feudal Age
12:52 Double-Bit Axe
16:16 Castle Age
14:38 Town Watch
18:01 Fletching
21:15 Padded Archer Armor
23:18 Bodkin Arrow
29:55 Wheelbarrow
40:27 Horse Collar
41:19 Bow Saw
46:04 Imperial Age
43:52 Hand Cart
46:49 Leather Archer Armor
46:20 Elite Genoese Crossbowman
48:40 Bracer
49:03 Ballistics
49:44 Chemistry
51:58 Demolition Ship
59:29 Spies/Treason
Colo-Colo
10:15 Feudal Age
11:38 Loom
15:47 Castle Age
14:29 Double-Bit Axe
16:43 Medium Warships
17:39 Fletching
18:57 Bodkin Arrow
21:47 Careening
28:56 Padded Archer Armor
29:19 Bow Saw
30:08 Gold Mining
30:26 Horse Collar
38:52 Imperial Age
36:59 Wheelbarrow
37:06 Ballistics
37:03 Thumb Ring
38:15 Gold Shaft Mining
37:31 Stone Mining
38:41 Hand Cart
38:48 Leather Archer Armor
38:44 Town Watch
39:06 Heavy Plow
40:01 Parthian Tactics
40:10 Bracer
40:40 Ring Archer Armor
41:25 Crop Rotation
42:04 Chemistry
42:54 Ring Archer Armor
43:56 Conscription
44:52 Stone Shaft Mining
44:20 Husbandry
44:30 Bloodlines
45:13 Ming Guang Armor
45:46 Heavy Hei Guang Cavalry
46:33 Scale Barding Armor
46:39 Forging
53:14 Iron Casting
53:00 Chain Barding Armor
52:22 Treadmill Crane
52:57 Town Patrol
54:10 Spies/Treason
Astronauta_da_Vovo
8:33 Loom
10:51 Feudal Age
12:02 Double-Bit Axe
12:42 Fishing Lines
16:59 Castle Age
15:53 Fletching
17:54 Medium Warships
17:47 Gillnets
17:53 Town Watch
18:25 Bodkin Arrow
20:38 Ballistics
24:14 Man-at-Arms
24:40 Gambesons
24:56 Scale Mail Armor
25:38 Clinker Construction
25:41 Careening
25:27 Long Swordsman
26:37 Chain Mail Armor
28:04 Squires
27:50 Arson
30:04 Wheelbarrow
33:53 Horse Collar
41:02 Imperial Age
39:12 Gold Mining
41:01 Forging
41:09 Onager
42:22 Plate Mail Armor
42:15 Conscription
43:06 Iron Casting
42:00 Two-Handed Swordsman
43:24 Champion
Gmatos
4:07 Loom
10:24 Feudal Age
10:51 Double-Bit Axe
12:37 Wheelbarrow
18:57 Bloodlines
24:23 Castle Age
22:40 Gold Mining
23:46 Forging
23:41 Scale Barding Armor
23:42 Stone Mining
24:18 Fletching
24:30 Padded Archer Armor
24:46 Elite Skirmisher
25:44 Bow Saw
26:26 Husbandry
27:10 Iron Casting
27:59 Ballistics
30:52 Chain Barding Armor
35:12 Pikeman
35:52 Squires
39:58 Scale Mail Armor
45:30 Imperial Age
45:01 Bodkin Arrow
45:03 Horse Collar
45:59 Cavalier
47:53 Halberdier
Pikachu Pay
8:22 Loom
10:59 Feudal Age
11:11 Man-at-Arms
16:21 Forging
22:01 Castle Age
25:01 Castle Age
23:58 Town Watch
25:01 Scale Mail Armor
25:03 Long Swordsman
25:29 Gambesons
26:02 Chain Mail Armor
26:58 Squires
Mayckon8020
10:42 Feudal Age
8:57 Loom
11:35 Man-at-Arms
12:01 Arson
25:25 Castle Age
Connection lost

Rejoining the realm…

Still unreachable

The connection could not be restored.

Session expired

The server has moved on; the page needs a fresh start.